[ AOE2 MATCH · #505841937 ]
UnrankedJapanese vs Jurchens
Player's team · LOSS
Rival team · WIN
[ REPLAY ANALYSIS · EXTRACTED FROM THE RECORDED GAME ]
Feudal
9:16
Castle
24:50
Imperial
—
| APM avg | 47.5 |
| APM peak | 117 |
| eAPM avg | 23.2 |
| Villagers / military | 79 / 15 |
Focus
⚔️ 27.3% · 🌾 72.7%
Militia ×11 · Fishing Ship ×8 · Unknown (2626) ×5 · Mangonel ×4
Feudal
11:32
Castle
15:14
Imperial
—
| APM avg | 48.9 |
| APM peak | 91 |
| eAPM avg | 23.4 |
| Villagers / military | 61 / 17 |
Focus
⚔️ 32.7% · 🌾 67.3%
Unknown (1911) ×17 · Iron Pagoda ×15 · Fishing Ship ×7 · Battering Ram ×2
Match map
Initial resources + every placement click. Lines = walls · curves = elevation contours. ◆ gold · ⬟ stone · ● berries · ✦ relic · ◌ wall gap
Your base· Open — unwalled flank
RoR | Benanji's base· Open — unwalled flank
Smoothed initial terrain · ◌ = detected wall gap · hover for details
Inputs per minute
— 新竹 - - RoR | Benanji
Build order — 新竹
First 150 of 161 actions detected
| 0:00 | Create | Villager (Male) |
| 0:01 | Create | Villager (Male) |
| 0:01 | Create | Villager (Male) |
| 0:02 | Build | House |
| 0:04 | Build | House |
| 0:14 | Create | Villager (Male) |
| 0:15 | Create | Villager (Male) |
| 1:23 | Create | Villager (Male) |
| 1:23 | Create | Villager (Male) |
| 1:53 | Create | Villager (Male) |
| 1:53 | Create | Villager (Male) |
| 2:16 | Build | Lumber Camp |
| 2:29 | Create | Villager (Male) |
| 2:29 | Create | Villager (Male) |
| 2:29 | Create | Villager (Male) |
| 2:49 | Create | Villager (Male) |
| 2:49 | Create | Villager (Male) |
| 3:01 | Build | House |
| 3:19 | Create | Villager (Male) |
| 3:20 | Create | Villager (Male) |
| 3:20 | Create | Villager (Male) |
| 4:02 | Create | Villager (Male) |
| 4:02 | Create | Villager (Male) |
| 4:02 | Create | Villager (Male) |
| 4:28 | Create | Villager (Male) |
| 4:28 | Create | Villager (Male) |
| 4:48 | Create | Villager (Male) |
| 4:48 | Create | Villager (Male) |
| 5:12 | Build | House |
| 5:23 | Create | Villager (Male) |
| 5:23 | Create | Villager (Male) |
| 5:37 | Build | Mining Camp |
| 6:06 | Create | Villager (Male) |
| 6:21 | Research | Loom |
| 6:21 | Research | Loom |
| 6:35 | Build | Palisade Wall |
| 7:03 | Research | Feudal Age |
| 7:28 | Build | Mill |
| 8:00 | Build | Barracks |
| 8:24 | Build | House |
| 8:31 | Create | Militia ×4 |
| 8:31 | Create | Militia ×4 |
| 9:16 | Age | Feudal Age |
| 9:18 | Research | Man-at-Arms (upgrade) |
| 9:18 | Research | Man-at-Arms (upgrade) |
| 9:19 | Create | Villager (Male) |
| 9:19 | Create | Villager (Male) |
| 9:20 | Create | Villager (Male) |
| 9:20 | Create | Villager (Male) |
| 9:35 | Build | Watch Tower |
| 9:41 | Create | Militia |
| 9:51 | Create | Villager (Male) |
| 9:51 | Create | Villager (Male) |
| 10:25 | Create | Villager (Male) |
| 10:25 | Create | Villager (Male) |
| 10:25 | Create | Villager (Male) |
| 10:28 | Build | Mining Camp |
| 10:40 | Build | Palisade Wall |
| 10:42 | Build | Palisade Wall |
| 10:49 | Create | Villager (Male) |
| 10:49 | Create | Villager (Male) |
| 10:49 | Create | Villager (Male) |
| 11:19 | Create | Villager (Male) |
| 11:19 | Create | Villager (Male) |
| 11:19 | Create | Villager (Male) |
| 11:46 | Build | Dock |
| 11:52 | Create | Villager (Male) |
| 11:52 | Create | Villager (Male) |
| 11:52 | Create | Villager (Male) |
| 11:53 | Create | Villager (Male) |
| 11:59 | Build | Watch Tower |
| 12:07 | Create | Villager (Male) |
| 12:07 | Create | Villager (Male) |
| 12:08 | Create | Villager (Male) |
| 12:51 | Create | Villager (Male) |
| 12:51 | Create | Villager (Male) |
| 12:51 | Create | Villager (Male) |
| 12:54 | Build | House |
| 13:15 | Create | Fishing Ship ×4 |
| 13:22 | Create | Villager (Male) |
| 13:35 | Research | Double-Bit Axe |
| 13:35 | Research | Double-Bit Axe |
| 13:35 | Research | Double-Bit Axe |
| 13:53 | Create | Villager (Male) |
| 13:53 | Create | Villager (Male) |
| 13:53 | Create | Villager (Male) |
| 14:46 | Create | Villager (Male) |
| 14:51 | Build | House |
| 14:54 | Build | House |
| 14:54 | Build | House |
| 15:01 | Create | Villager (Male) |
| 15:02 | Create | Villager (Male) |
| 15:04 | Build | Mill |
| 15:29 | Build | Watch Tower |
| 15:36 | Create | Fishing Ship |
| 15:43 | Create | Militia |
| 15:43 | Create | Militia |
| 15:50 | Build | Watch Tower |
| 15:52 | Create | Villager (Male) |
| 15:52 | Create | Villager (Male) |
| 16:09 | Build | Blacksmith |
| 16:39 | Create | Fishing Ship |
| 16:40 | Create | Fishing Ship |
| 16:40 | Create | Fishing Ship |
| 16:42 | Research | Fletching |
| 16:43 | Research | Fletching |
| 16:55 | Create | Villager (Male) |
| 16:55 | Create | Villager (Male) |
| 17:42 | Create | Villager (Male) |
| 17:42 | Create | Villager (Male) |
| 17:49 | Build | Watch Tower |
| 17:51 | Build | House |
| 17:52 | Build | House |
| 17:53 | Build | House |
| 17:59 | Build | Dock |
| 18:28 | Build | Dock |
| 18:33 | Create | Villager (Male) |
| 18:56 | Create | Unit 2626 |
| 19:00 | Create | Unit 2626 |
| 19:04 | Create | Villager (Male) |
| 19:05 | Create | Villager (Male) |
| 19:05 | Create | Villager (Male) |
| 19:05 | Create | Villager (Male) |
| 19:09 | Build | House |
| 19:13 | Build | Watch Tower |
| 19:18 | Build | Watch Tower |
| 19:20 | Create | Villager (Male) |
| 19:21 | Create | Villager (Male) |
| 19:21 | Create | Villager (Male) |
| 19:21 | Create | Villager (Male) |
| 19:21 | Create | Villager (Male) |
| 19:59 | Build | Watch Tower |
| 20:11 | Create | Unit 2626 |
| 20:14 | Create | Unit 2626 |
| 20:14 | Create | Unit 2626 |
| 20:33 | Create | Villager (Male) |
| 21:22 | Create | Villager (Male) |
| 21:37 | Build | Market |
| 22:10 | Research | Castle Age |
| 22:10 | Research | Castle Age |
| 22:11 | Research | Castle Age |
| 22:19 | Build | Lumber Camp |
| 22:21 | Build | Mining Camp |
| 22:33 | Build | Watch Tower |
| 22:40 | Build | Lumber Camp |
| 22:42 | Build | Lumber Camp |
| 24:26 | Build | Watch Tower |
| 24:50 | Age | Castle Age |
| 24:52 | Create | Villager (Male) |
| 24:53 | Create | Villager (Male) |
Build order — RoR | Benanji
First 150 of 164 actions detected
| 0:00 | Create | Villager (Male) |
| 0:02 | Build | House |
| 0:02 | Build | House |
| 0:03 | Create | Villager (Male) |
| 0:03 | Create | Villager (Male) |
| 0:11 | Create | Villager (Male) |
| 0:11 | Create | Villager (Male) |
| 1:24 | Create | Villager (Male) |
| 1:24 | Create | Villager (Male) |
| 1:25 | Build | Lumber Camp |
| 2:02 | Create | Villager (Male) |
| 2:02 | Create | Villager (Male) |
| 2:21 | Create | Villager (Male) |
| 2:41 | Create | Villager (Male) |
| 2:41 | Create | Villager (Male) |
| 2:58 | Build | House |
| 3:13 | Create | Villager (Male) |
| 3:40 | Create | Villager (Male) |
| 3:40 | Create | Villager (Male) |
| 4:05 | Build | Dock |
| 4:08 | Build | Palisade Wall |
| 4:08 | Build | Palisade Wall |
| 4:11 | Create | Villager (Male) |
| 4:11 | Create | Villager (Male) |
| 4:15 | Build | Palisade Wall |
| 4:15 | Build | Palisade Wall |
| 4:20 | Build | Palisade Wall |
| 4:28 | Build | House |
| 4:42 | Create | Villager (Male) |
| 4:55 | Create | Fishing Ship |
| 4:55 | Create | Fishing Ship |
| 5:08 | Create | Villager (Male) |
| 5:08 | Create | Villager (Male) |
| 5:23 | Create | Fishing Ship |
| 5:34 | Create | Villager (Male) |
| 5:54 | Create | Fishing Ship |
| 6:01 | Create | Villager (Male) |
| 6:02 | Create | Villager (Male) |
| 6:19 | Create | Villager (Male) |
| 6:20 | Create | Villager (Male) |
| 6:27 | Build | Mill |
| 6:39 | Build | House |
| 6:47 | Create | Villager (Male) |
| 6:47 | Create | Villager (Male) |
| 6:55 | Build | House |
| 6:58 | Build | Palisade Wall |
| 7:13 | Create | Villager (Male) |
| 7:17 | Create | Fishing Ship |
| 7:19 | Build | Palisade Wall |
| 7:22 | Build | Palisade Wall |
| 7:23 | Build | Palisade Wall |
| 7:26 | Build | Palisade Wall |
| 7:31 | Create | Villager (Male) |
| 7:32 | Create | Villager (Male) |
| 7:50 | Create | Fishing Ship |
| 7:50 | Create | Fishing Ship |
| 7:52 | Create | Villager (Male) |
| 8:04 | Create | Villager (Male) |
| 8:34 | Research | Loom |
| 9:17 | Research | Feudal Age |
| 9:17 | Research | Feudal Age |
| 9:23 | Build | Palisade Wall |
| 9:30 | Build | Mining Camp |
| 9:39 | Build | Palisade Wall |
| 9:45 | Build | Lumber Camp |
| 9:51 | Build | Palisade Wall |
| 9:56 | Create | Villager (Male) |
| 10:01 | Create | Villager (Male) |
| 10:04 | Build | Palisade Wall |
| 10:34 | Build | Palisade Wall |
| 10:44 | Build | Palisade Wall |
| 11:22 | Build | Palisade Wall |
| 11:32 | Age | Feudal Age |
| 11:35 | Build | Watch Tower |
| 12:00 | Build | Market |
| 12:02 | Build | Blacksmith |
| 12:34 | Research | Castle Age |
| 12:56 | Build | Barracks |
| 13:29 | Research | Double-Bit Axe |
| 14:10 | Build | Palisade Wall |
| 14:11 | Build | Palisade Wall |
| 14:28 | Build | Archery Range |
| 15:02 | Build | Archery Range |
| 15:14 | Age | Castle Age |
| 15:17 | Create | Unit 1911 |
| 15:20 | Build | House |
| 15:23 | Build | House |
| 15:40 | Create | Unit 1911 |
| 15:41 | Build | House |
| 15:47 | Create | Villager (Male) |
| 15:57 | Create | Unit 1911 |
| 15:57 | Create | Unit 1911 |
| 16:10 | Create | Villager (Male) |
| 16:12 | Build | Siege Workshop |
| 16:21 | Create | Unit 1911 |
| 16:32 | Create | Villager (Male) |
| 16:37 | Create | Unit 1911 |
| 16:38 | Create | Unit 1911 |
| 16:50 | Create | Battering Ram |
| 17:36 | Create | Unit 1911 |
| 17:36 | Create | Unit 1911 |
| 17:57 | Create | Villager (Male) |
| 18:09 | Build | House |
| 18:11 | Build | Mining Camp |
| 18:13 | Build | House |
| 18:15 | Build | House |
| 18:25 | Create | Unit 1911 |
| 18:25 | Create | Unit 1911 |
| 18:48 | Create | Battering Ram |
| 18:49 | Create | Villager (Male) |
| 18:58 | Create | Villager (Male) |
| 19:07 | Create | Iron Pagoda |
| 19:07 | Create | Iron Pagoda |
| 19:23 | Build | Mill |
| 19:38 | Create | Iron Pagoda |
| 19:54 | Create | Unit 1911 |
| 19:54 | Create | Unit 1911 |
| 20:05 | Build | House |
| 20:08 | Build | Farm |
| 20:22 | Create | Iron Pagoda |
| 20:28 | Build | House |
| 20:31 | Create | Villager (Male) |
| 20:32 | Create | Villager (Male) |
| 20:40 | Build | Lumber Camp |
| 21:17 | Create | Iron Pagoda |
| 21:17 | Create | Iron Pagoda |
| 21:18 | Create | Villager (Male) |
| 21:39 | Create | Villager (Male) |
| 21:52 | Build | Mining Camp |
| 21:53 | Create | Villager (Male) |
| 21:53 | Create | Villager (Male) |
| 22:03 | Create | Iron Pagoda |
| 22:06 | Build | Outpost |
| 22:13 | Create | Villager (Male) |
| 22:47 | Create | Iron Pagoda |
| 22:58 | Build | House |
| 23:01 | Create | Villager (Male) |
| 23:07 | Create | Unit 1911 |
| 23:07 | Create | Unit 1911 |
| 23:09 | Create | Villager (Male) |
| 23:21 | Create | Unit 1911 |
| 23:21 | Create | Unit 1911 |
| 23:41 | Build | Siege Workshop |
| 23:41 | Create | Villager (Male) |
| 23:57 | Create | Iron Pagoda |
| 24:33 | Create | Iron Pagoda |
| 24:33 | Create | Iron Pagoda |
| 24:37 | Create | Villager (Male) |
| 24:43 | Build | House |
| 24:54 | Create | Villager (Male) |
Match timeline
| 4:05 | RoR | Benanji · first_building Dock |
| 4:08 | RoR | Benanji · wall_segment Palisade Wall x1 |
| 4:08 | RoR | Benanji · wall_segment Palisade Wall x1 |
| 4:15 | RoR | Benanji · wall_segment Palisade Wall x1 |
| 4:15 | RoR | Benanji · wall_segment Palisade Wall x1 |
| 4:20 | RoR | Benanji · wall_segment Palisade Wall x1 |
| 6:35 | 新竹 · wall_segment Palisade Wall x1 |
| 6:58 | RoR | Benanji · wall_segment Palisade Wall x5 |
| 7:19 | RoR | Benanji · wall_segment Palisade Wall x1 |
| 7:22 | RoR | Benanji · wall_segment Palisade Wall x1 |
| 7:23 | RoR | Benanji · wall_segment Palisade Wall x1 |
| 7:26 | RoR | Benanji · wall_segment Palisade Wall x1 |
| 8:00 | 新竹 · first_building Barracks |
| 9:16 | 新竹 · age_up feudal |
| 9:23 | RoR | Benanji · wall_segment Palisade Wall x2 |
| 9:39 | RoR | Benanji · wall_segment Palisade Wall x2 |
| 9:51 | RoR | Benanji · wall_segment Palisade Wall x3 |
| 10:04 | RoR | Benanji · wall_segment Palisade Wall x4 |
| 10:34 | RoR | Benanji · wall_segment Palisade Wall x2 |
| 10:40 | 新竹 · wall_segment Palisade Wall x2 |
| 10:42 | 新竹 · wall_segment Palisade Wall x1 |
| 10:44 | RoR | Benanji · wall_segment Palisade Wall x3 |
| 11:22 | RoR | Benanji · wall_segment Palisade Wall x1 |
| 11:32 | RoR | Benanji · age_up feudal |
| 11:46 | 新竹 · first_building Dock |
| 12:56 | RoR | Benanji · first_building Barracks |
| 14:10 | RoR | Benanji · wall_segment Palisade Wall x1 |
| 14:11 | RoR | Benanji · wall_segment Palisade Wall x1 |
| 14:28 | RoR | Benanji · first_building Archery Range |
| 15:14 | RoR | Benanji · age_up castle |
| 16:12 | RoR | Benanji · first_building Siege Workshop |
| 22:10 | 新竹 · first_market_buy 100 food |
| 24:46 | 新竹 · first_market_sell 100 stone |
| 24:50 | 新竹 · age_up castle |
| 24:56 | 新竹 · first_building Siege Workshop |
| 28:17 | 新竹 · resign |
[ AI ANALYSIS · 1 CREDIT ]
What really happened in this match?
Wolo.gg analyzes every decision: build order, eco, micro, common mistakes by bracket. Personalized analysis on WhatsApp or Discord in 30 seconds.
Civ guide
Japanese
Perfil
新竹